 Dungeon Crawl Stone Soup version 0.13-a0-2995-g9a84c3d (webtiles) character file.

724 Gabry the Shield-Bearer (level 7, -1/59 HPs)
             Began as a Minotaur Fighter on Sept 6, 2013.
             Was a Plaything of Xom.
             Slain by Pikel
             ... wielding a +2,+0 whip of electrocution
              (16 damage)
             ... on Level 5 of the Dungeon on Sept 8, 2013.
             The game lasted 00:17:46 (3462 turns).

Gabry the Shield-Bearer (Minotaur Fighter)          Turns: 3462, Time: 00:17:48

HP  -1/59        AC  9     Str 22      XL: 7   Next:  2%
MP   0/2         EV 11     Int  6 (10) God: Xom
Gold 202         SH 20     Dex 11      Spells:  0 memorised,  6 levels left

Res.Fire  : . . .   See Invis. : .   s - +0,+2 flail
Res.Cold  : + . .   Warding    : .   h - +2 orc leather armour {rC+}
Life Prot.: . . .   Conserve   : .   c - +0 shield
Res.Poison: .       Res.Corr.  : .   (helmet restricted)
Res.Elec. : .       Clarity    : .   o - +0 cloak
Sust.Abil.: . .     Spirit.Shd : +   r - +1 pair of gloves
Res.Mut.  : .       Stasis     : .   (no boots)
Res.Rott. : .       Flight     : .   l - amulet of guardian spirit
Saprovore : . . .                    u - ring of sustenance
                                     t - +1 ring of strength

@: about to teleport, brilliant, slightly resistant to hostile enchantments,
unstealthy
A: retaliatory headbutt, horns 2
a: Renounce Religion


You were on level 5 of the Dungeon.
You worshipped Xom.
You were a plaything of Xom.
You were not hungry.

You visited 1 branch of the dungeon, and saw 5 of its levels.

You collected 182 gold pieces.

Inventory:

Hand weapons
 a - a +0,+0 mace
 p - a +1,+3 orcish dagger (quivered)
 s - a +0,+2 flail (weapon)
Armour
 c - a +0 shield (worn)
 h - a +2 orcish leather armour of cold resistance (worn)
 o - a +0 cloak (worn)
 r - a +1 pair of gloves (worn)
Comestibles
 b - a slice of pizza
 d - 3 bread rations
 v - a meat ration
Scrolls
 e - a scroll of curse jewellery {unknown}
 k - a scroll of remove curse
 n - 3 scrolls of identify
 w - a scroll of enchant weapon I {unknown}
 y - a scroll of blinking {unknown}
 A - a scroll of amnesia {unknown}
Jewellery
 l - an amulet of guardian spirit (around neck)
 t - a +1 ring of strength (left hand)
 u - a ring of sustenance (right hand)
Potions
 f - a potion of degeneration {unknown}
 g - a potion of speed {unknown}
 i - a potion of magic {unknown}
 j - a potion of berserk rage {unknown}
 m - a potion of paralysis {unknown}
 q - 2 potions of heal wounds
 x - a potion of cure mutation {unknown}


   Skills:
 + Level 4.3 Fighting
 + Level 4.1 Maces & Flails
 + Level 5.0 Armour
 + Level 4.5 Dodging
 + Level 0.8 Stealth
 + Level 5.5 Shields
 + Level 0.7 Unarmed Combat


You had 6 spell levels left.
You didn't know any spells.

Dungeon Overview and Level Annotations

Branches:
Dungeon (5/27)
 Temple: D:4-7

Altars:
Makhleb
Xom

Annotations:
D:5 Pikel


Innate Abilities, Weirdness & Mutations

You reflexively headbutt those who attack you in melee.
You have a pair of horns on your head.


Message History

Drink which item? (? for menu, Esc to quit)
Okay, then.
Read which item? (? for menu, Esc to quit)
As you read the scroll of teleportation, it crumbles to dust.
You feel strangely unstable. Pikel completely misses you.
The slave closely misses you.
You sock Pikel! Your headbutt misses Pikel.
Pikel is severely wounded.
Pikel drinks a potion.
Pikel is healed!
The slave misses you. You furiously retaliate!
You headbutt the slave, but do no damage.
You block Pikel's attack. The slave hits you.
* * * LOW HITPOINT WARNING * * *
You barely miss Pikel.
Pikel is heavily wounded.
Pikel hits you with a whip of electrocution.
* * * LOW HITPOINT WARNING * * *
You are electrocuted!
You die...
Xom giggles madly!

#.# #.# ##+#
#.# ..... ##
#.# ...... #.
#.# ..$...% #.
#.# ....... #.
#.# ....... #.
##@###........
#.
#@K@@@........
#.
######........
#. ....... ##
.......
####### ###
#.. #.. #..
#..


You could see Pikel and 4 slaves.

Vanquished Creatures
  A phantom (D:4)
  2 crimson imps (D:5)
  2 hounds
  An orc priest (D:4)
  A scorpion (D:5)
  An iguana (D:5)
  A worker ant (D:5)
  Ijyb (D:4)
  A hound zombie (D:3)
  8 adders
  2 worms
  A giant eyeball (D:3)
  A giant gecko (D:2)
  5 orcs
  A bat skeleton (D:3)
  2 giant cockroaches
  7 goblins
  9 hobgoblins
  2 jackals (D:3)
  A quokka (D:2)
  A ball python (D:1)
  10 bats
  5 giant newts
  2 goblin skeletons (D:4)
  A jackal skeleton (D:4)
  13 kobolds
  12 rats
94 creatures vanquished.

Notes
Turn   | Place    | Note
--------------------------------------------------------------
     0 | D:1      | Gabry, the Minotaur Fighter, began the quest for the Orb.
     0 | D:1      | Reached XP level 1. HP: 19/19 MP: 0/0
     8 | D:1      | Noticed a giant goldfish
   277 | D:1      | Reached XP level 2. HP: 26/26 MP: 0/0
   452 | D:1      | Reached skill level 4 in Shields
   732 | D:2      | Reached XP level 3. HP: 33/33 MP: 1/1
   823 | D:2      | Reached skill level 1 in Dodging
  1158 | D:2      | Found a burning altar of Makhleb.
  1158 | D:2      | Found a shimmering altar of Xom.
  1168 | D:2      | Became a worshipper of Xom of Chaos
  1355 | D:3      | Reached XP level 4. HP: 37/40 MP: 1/1
  1492 | D:3      | XOM: silly message
  1529 | D:3      | XOM: cast spell 'Dragon Form'
  1782 | D:3      | XOM: mild Pois miscast
  2116 | D:4      | Reached XP level 5. HP: 39/46 MP: 1/1
  2358 | D:4      | Upgraded the game from 0.13-a0-2960-g2f00e6d to 0.13-a0-2995-g9a84c3d
  2380 | D:4      | Noticed Ijyb
  2384 | D:4      | XOM: confusion (+ monsters)
  2398 | D:4      | Reached skill level 5 in Shields
  2411 | D:4      | Killed Ijyb
  2468 | D:4      | Noticed a phantom
  2471 | D:4      | XOM: noise
  2498 | D:4      | Killed a phantom
  2498 | D:4      | Reached XP level 6. HP: 21/53 MP: 2/2
  2887 | D:5      | Entered Level 5 of the Dungeon
  3039 | D:5      | XOM: 1-stop teleportation journey
  3180 | D:5      | XOM: severe Divn miscast
  3377 | D:5      | Reached skill level 5 in Armour
  3393 | D:5      | Reached XP level 7. HP: 59/59 MP: 2/2
  3435 | D:5      | Noticed Pikel
  3436 | D:5      | XOM: confusion
  3445 | D:5      | XOM: noise
  3458 | D:5      | XOM: potion effect (brilliance)
  3459 | D:5      | XOM: divination: detect creatures
  3462 | D:5      | Slain by Pikel

Action                   |  1- 3 |  4- 6 |  7- 9 || total
-------------------------+-------+-------+-------++-------
Melee: Mace              |    89 |       |       ||    89
       Flail             |    13 |   140 |    18 ||   171
       Unarmed           |       |    12 |       ||    12
  Use: Scroll            |     5 |     8 |     1 ||    14
